Cogmind - Beta 14 @@@ ROGUE MODE // 2025.01.03 @ 18:03:28 Player: celerysam Result: Destroyed by C-40 Crusher with Compactor Performance ------------- Evolutions (3) 1500 Regions Visited (5) 1000 Robots Destroyed (33) 165 Value Destroyed (1159) 1159 Prototype IDs (1) 20 Alien Tech Used (0) 0 Bonus (0) 0 TOTAL SCORE: 3844 Bonus ------- None Cogmind --------- Core Integrity 0/700 Matter 157/300 Energy 100/100 System Corruption 11% Temperature Cool (0) Movement Core (50) Location -7/Waste Parts ------- > --- POWER (2) -------- (None) > --- PROPULSION (4) --- (None) > --- UTILITY (4) ------ (None) > --- WEAPON (3) ------- (None) > --- INVENTORY (5) ---- Improved Sensor Array Reaction Control System Improved Datajack Peak State ------------ > --- POWER ------------ Light Deuterium Engine > --- PROPULSION ------- Armored Huge Wheel Armored Huge Wheel > --- UTILITY ---------- Improved Heat Sink Advanced Targeting Computer ECM Suite Improved Utility Shielding > --- WEAPON ----------- Gauss Rifle Assault Cannon Assault Cannon > --- INVENTORY -------- Improved Hover Unit Improved Airjet Improved Sensor Array Reaction Control System Improved Datajack [Rating: 40] Favorites ----------- Power Improved Ion Engine Engine Improved Ion Engine Power Core Nuclear Core Propulsion Aluminum Leg Treads Light Treads Leg Aluminum Leg Wheel Armored Huge Wheel Hover Unit Improved Hover Unit Utility Advanced Targeting Computer Device Improved Heat Sink Storage Small Storage Unit Processor Advanced Targeting Computer Protection Hardened Medium Armor Plating Weapon Medium Laser Energy Gun Medium Laser Energy Cannon Light EM Pulse Cannon Ballistic Gun Heavy Assault Rifle Ballistic Cannon Assault Cannon Slashing Weapon Axe Special Melee Weapon Improved Datajack Build | -11 -10 -9 -8 -7 -7 ------- Run | Yrd Mat Mat Mat Fac Was Slots Evolved 6 | . . 2 2 2 . Power 1 | . . . 1 . . Propulsion 2 | . . 1 1 . . Utility 2 | . . 1 . 1 . Weapon 1 | . . . . 1 . Parts Attached 69 | 7 . 27 17 16 2 Power 9 | 1 . 4 3 1 . Engine 8 | 1 . 4 2 1 . Core 1 | . . . 1 . . Reactor . | . . . . . . Propulsion 23 | 2 . 10 4 5 2 Treads 2 | . . 2 . . . Leg 12 | . . 8 4 . . Wheel 5 | 2 . . . 3 . Hover 4 | . . . . 2 2 Flight . | . . . . . . Utility 16 | 1 . 5 4 6 . Device 9 | . . 4 1 4 . Storage 1 | 1 . . . . . Processor 1 | . . . 1 . . Hackware . | . . . . . . Protection 5 | . . 1 2 2 . Artifact . | . . . . . . Weapon 21 | 3 . 8 6 4 . Energy Gun 6 | 2 . 3 1 . . Energy Cannon 1 | . . 1 . . . Ballistic Gun 6 | 1 . 4 1 . . Ballistic Cannon 4 | . . . 1 3 . Launcher . | . . . . . . Special Weapon . | . . . . . . Impact Weapon . | . . . . . . Slashing Weapon 2 | . . . 2 . . Piercing Weapon . | . . . . . . Special Melee Weapon 2 | . . . 1 1 . Unidentified Prototypes 1 | . . . . 1 . Parts Lost 38 | . . 15 15 . 8 Power 7 | . . 3 3 . 1 Propulsion 15 | . . 6 5 . 4 Utility 8 | . . 2 4 . 2 Weapon 8 | . . 4 3 . 1 Highest Loss Streak 8 | . . 4 6 . 8 To Critical Strikes 4 | . . . 1 . 3 Average Slot Usage (%) 78 | . 85 84 85 58 52 Engine 9 | . 14 9 10 2 4 Treads 2 | . . 3 3 . . Leg 18 | . . 23 26 . . Wheel 4 | . 28 2 . 9 13 Device 10 | . . 10 11 11 11 Storage 4 | . 14 9 . . . Processor 3 | . . . 8 7 5 Protection 4 | . . 3 4 6 5 Energy Gun 8 | . 28 12 4 . . Energy Cannon 1 | . . 1 1 . . Ballistic Gun 5 | . . 7 2 6 . Ballistic Cannon 3 | . . . 6 8 10 Peak Build Rating 40 | 6 6 16 27 40 40 Average Rating 17 | 3 6 12 22 30 29 On Entrance 12 | . 6 6 16 8 40 Naked Turns 10 | . . . . . 10 Heaviest Build 32 | 14 14 22 32 27 27 Greatest Support 45 | 26 26 40 45 28 28 Greatest Overweight (x) 3 | . . 1 3 . . Average Overweight (x) . | . . . . . . Largest Inventory Capacity 8 | 8 8 8 5 5 5 Average Capacity 6 | 7 8 7 5 5 5 Most Carried 8 | 7 6 8 5 5 5 Average Carried 5 | 4 6 6 4 4 4 Final Capacity 8 | 8 8 5 5 5 5 Final Carried 6 | 6 6 5 5 5 3 Class Distribution -------------------- 55% | Mutant 33% | Scavenger-Mutant 10% | Gunner Dominant Class ---------------- Mutant | -10/Materials Mutant | -9/Materials Scavenger-Mutant | -8/Materials Gunner | -7/Factory Mutant | -7/Waste Resources | -11 -10 -9 -8 -7 -7 ----------- Run | Yrd Mat Mat Mat Fac Was Matter Collected 834 | 242 . 376 216 . . Remotely . | . . . . . . Salvage Created 1331 | . 21 833 453 24 . Parts 74 | . 1 53 19 1 . Haulers Intercepted . | . . . . . . Recyclers Shooed 1 | . . 1 . . . Parts Field Recycled . | . . . . . . Retrieved Matter . | . . . . . . Parts Self-Destructed . | . . . . . . Prevented . | . . . . . . Kills | -11 -10 -9 -8 -7 -7 ------- Run | Yrd Mat Mat Mat Fac Was Combat Hostiles Destroyed 32 | . . 22 9 1 . Melee 2 | . . . 2 . . Guns 24 | . . 21 3 . . Cannons 5 | . . . 4 1 . Classes Destroyed 7 | . 1 4 2 . . Worker 1 | . 1 . . . . Swarmer 7 | . . 7 . . . Grunt 14 | . . 9 5 . . Brawler 2 | . . 2 . . . Sentry 5 | . . 4 1 . . Specialist 1 | . . . 1 . . Hunter 3 | . . . 2 1 . Best Kill Streak 4 | . 1 4 3 1 . Combat Bots Only 4 | . . 4 3 1 . Max Kills in Single Turn 1 | . 1 1 1 1 . Gunslinging . | . . . . . . Exploded . | . . . . . . Melee 1 | . . . 1 . . Uniques/NPCs Destroyed . | . . . . . . Combat | -11 -10 -9 -8 -7 -7 -------- Run | Yrd Mat Mat Mat Fac Was Hostile Shots Fired 473 | . 27 245 161 15 25 Missed 162 | . 7 89 60 6 . Damage Taken 5051 | . 194 1831 1621 213 1192 Core 1227 | . 77 291 153 43 663 Absorbed by Shields 130 | . . . 130 . . Redirected to Shielding 12 | . . . . 12 . Core Remaining (%) 67 | 100 69 27 72 . . Volleys Fired 105 | . 3 75 22 5 . Largest 2 | . 2 2 2 2 . Hottest 112 | . 100 112 100 72 . Shots Fired 187 | . 6 139 32 10 . Gun 163 | . 6 139 13 5 . Cannon 24 | . . . 19 5 . Launcher . | . . . . . . Special . | . . . . . . Kinetic 78 | . . 46 22 10 . Thermal 94 | . 6 88 . . . Explosive . | . . . . . . Electromagnetic 15 | . . 5 10 . . Robot Hit Streak 9 | . 1 7 9 3 . Robot Miss Streak 6 | . 2 6 3 2 . Penetration Max . | . . . . . . Secondary Targets 2 | . . 2 . . . Max Gunslinging Chain 1 | . . 1 . . . Shots Hit Robots 124 | . 3 79 36 6 . Core Hits 61 | . 1 32 26 2 . Critical Kills . | . . . . . . Critical Parts Destroyed . | . . . . . . Critical Strikes 9 | . 1 5 1 2 . Burn 6 | . 1 5 . . . Blast 2 | . . . . 2 . Sever 1 | . . . 1 . . Melee Attacks 15 | . . . 15 . . Impact . | . . . . . . Slashing 13 | . . . 13 . . Piercing . | . . . . . . Sneak Attacks . | . . . . . . Combat Hostiles . | . . . . . . Follow-up Attacks . | . . . . . . Damage Inflicted 2424 | . 64 1237 916 156 51 Guns 1547 | . 64 1233 218 32 . Cannons 385 | . . . 314 71 . Explosions 126 | . . . 73 53 . Melee 311 | . . . 311 . . Ramming 55 | . . 4 . . 51 Kinetic 958 | . . 514 341 103 . Thermal 807 | . 64 670 73 . . Explosive 53 | . . . . 53 . Electromagnetic 240 | . . 49 191 . . Impact . | . . . . . . Slashing 311 | . . . 311 . . Piercing . | . . . . . . Highest Corruption 11 | . . 1 . . 11 Average Corruption 2 | . . 1 . . 10 Corruption Purged . | . . . . . . Corruption Blocked . | . . . . . . Effects 10 | . . 5 . . 5 Message Errors 2 | . . 1 . . 1 Matter Fused 3 | . . 1 . . 2 Energy Discharges 1 | . . 1 . . . Parts Fused 1 | . . 1 . . . Data Loss (minor) 1 | . . 1 . . . Misdirections 2 | . . . . . 2 Overload Shots . | . . . . . . Overflow Damage . | . . . . . . Projectiles . | . . . . . . Explosions . | . . . . . . Melee . | . . . . . . Knockbacks 4 | . . . 2 2 . Impact . | . . . . . . Kinetic 4 | . . . 2 2 . Secondary . | . . . . . . Self-Inflicted Damage 146 | . . . 46 80 20 Shots 2 | . . . 1 1 . Rammed 25 | . . . . . 25 Targets Rammed 26 | . . 1 . . 25 Kicked 1 | . . 1 . . . Crushed . | . . . . . . Highest Temperature 251 | . 133 251 30 . . Average Temperature 46 | . 76 49 12 . . Received Heat Transfer 1118 | . 60 729 311 18 . Effects 1 | . . 1 . . . Interference 1 | . . 1 . . . Siege Activations . | . . . . . . Robots Corrupted . | . . . . . . Combat Hostiles . | . . . . . . Parts Fried . | . . . . . . Impact Corruptions . | . . . . . . Robots Melted 1 | . . 1 . . . Combat Hostiles 1 | . . 1 . . . Parts Melted 7 | . 2 5 . . . Heat Transferred 2555 | . 259 2146 150 . . Parts Sabotaged . | . . . . . . Parts Stolen . | . . . . . . Parts Stripped . | . . . . . . Power Chain Reactions 1 | . . . 1 . . Alert | -11 -10 -9 -8 -7 -7 ------- Run | Yrd Mat Mat Mat Fac Was Peak Influence 376 | . 5 376 247 104 51 Initial 107 | . . 1 107 2 36 Average 159 | . . 250 111 62 34 Maximum Alert Level 1 | . . 1 1 . . Low Security (%) 58 | 100 100 23 79 100 100 Level 1 41 | . . 76 20 . . Level 2 . | . . . . . . Level 3 . | . . . . . . Level 4 . | . . . . . . Level 5 . | . . . . . . High Security . | . . . . . . Max Security . | . . . . . . Squads Dispatched 9 | . 1 3 4 1 . Investigation 2 | . . 2 . . . Extermination 1 | . . . . 1 . Reinforcement 6 | . 1 1 4 . . Assault . | . . . . . . Garrison . | . . . . . . Intercept . | . . . . . . Searches Triggered . | . . . . . . Construction Impeded 1 | . . . 1 . . Haulers Reinforced . | . . . . . . Active Scanning Responses . | . . . . . . Cargo Convoy Interrupts . | . . . . . . Stealth | -11 -10 -9 -8 -7 -7 --------- Run | Yrd Mat Mat Mat Fac Was Distress Signals 2 | . . 1 1 . . Communications Jammed . | . . . . . . Distress Signals . | . . . . . . Times Spotted 69 | . 6 37 17 3 6 Peak Tracking Total 8 | . 6 8 5 2 6 Tactical Retreats 8 | . . 7 . 1 . Traps | -11 -10 -9 -8 -7 -7 ------- Run | Yrd Mat Mat Mat Fac Was Traps Triggered 2 | . . 1 . 1 . Indirectly . | . . . . . . Trap Hack Attempts . | . . . . . . Triggered . | . . . . . . Disarmed . | . . . . . . Reprogrammed . | . . . . . . Reused . | . . . . . . Traps Extracted . | . . . . . . Installed . | . . . . . . Triggered . | . . . . . . Machines | -11 -10 -9 -8 -7 -7 ---------- Run | Yrd Mat Mat Mat Fac Was Machines Disabled 1 | . . . . 1 . Max in Single Turn 1 | . . . . 1 . Machines Repaired . | . . . . . . Machines Dismantled . | . . . . . . Machines Sabotaged . | . . . . . . Overloaded Fab Kills . | . . . . . . Hacking | -11 -10 -9 -8 -7 -7 --------- Run | Yrd Mat Mat Mat Fac Was Machines Accessed 6 | . 2 3 1 . . Terminals 6 | . 2 3 1 . . Fabricators . | . . . . . . Repair Stations . | . . . . . . Recycling Units . | . . . . . . Scanalyzers . | . . . . . . Garrison Access . | . . . . . . Total Hacks 14 | . 5 8 1 . . Successful 5 | . 1 3 1 . . Failed 9 | . 4 5 . . . Catastrophic 1 | . 1 . . . . Database Lockouts . | . . . . . . Manual 9 | . 4 4 1 . . Terminals 14 | . 5 8 1 . . Fabricators . | . . . . . . Repair Stations . | . . . . . . Recycling Units . | . . . . . . Scanalyzers . | . . . . . . Garrison Access . | . . . . . . Terminal Hacks 3 | . 1 1 1 . . Robot Analysis 1 | . 1 . . . . Alert Level 1 | . . 1 . . . Unreport Threat 1 | . . . 1 . . Fabricator Hacks . | . . . . . . Repair Station Hacks . | . . . . . . Recycling Unit Hacks . | . . . . . . Scanalyzer . | . . . . . . Garrison Access Hacks . | . . . . . . Unauthorized Hacks 2 | . . 2 . . . Terminals 2 | . . 2 . . . Botnet 2 | . . 2 . . . Fabricators . | . . . . . . Repair Stations . | . . . . . . Recycling Units . | . . . . . . Scanalyzers . | . . . . . . Garrison Access . | . . . . . . Data Cores Recovered . | . . . . . . Used . | . . . . . . Hacking Detections 4 | . 2 2 . . . Full Trace Events 1 | . . 1 . . . Feedback Events 1 | . . 1 . . . Corruption 1 | . . 1 . . . Feedback Blocked . | . . . . . . Robot Schematics Acquired . | . . . . . . Robots Built . | . . . . . . Authchips . | . . . . . . Time . | . . . . . . Total Robot Build Rating . | . . . . . . Part Schematics Acquired . | . . . . . . Parts Built . | . . . . . . Authchips . | . . . . . . Time . | . . . . . . Total Part Build Rating . | . . . . . . Parts Repaired . | . . . . . . Time . | . . . . . . Parts Recycled . | . . . . . . Recycled Matter . | . . . . . . Retrieved Matter . | . . . . . . Retrieved Components . | . . . . . . Parts Scanalyzed . | . . . . . . Part Schematics Acquired . | . . . . . . Parts Damaged . | . . . . . . Bothacking | -11 -10 -9 -8 -7 -7 ------------ Run | Yrd Mat Mat Mat Fac Was Used RIF Installer . | . . . . . . Robots Hacked 1 | . . . 1 . . Non-combat . | . . . . . . Combat 1 | . . . 1 . . Robot Hacks Applied 1 | . . . 1 . . parse_system 1 | . . . 1 . . Relay Couplers Released . | . . . . . . Fabnet Peak Effective % . | . . . . . . Robots Rewired . | . . . . . . Allies Hacked . | . . . . . . Hacks Repelled . | . . . . . . Allies | -11 -10 -9 -8 -7 -7 -------- Run | Yrd Mat Mat Mat Fac Was Total Allies . | . . . . . . Largest Group . | . . . . . . Highest-Rated Group . | . . . . . . Highest-Rated Ally . | . . . . . . Total Orders . | . . . . . . Ally Attacks . | . . . . . . Total Damage . | . . . . . . Kills . | . . . . . . Allies Corrupted . | . . . . . . Allies Melted . | . . . . . . Intel | -11 -10 -9 -8 -7 -7 ------- Run | Yrd Mat Mat Mat Fac Was Robot Analysis Total 1 | . 1 . . . . Derelict Logs Recovered . | . . . . . . Drone Launches . | . . . . . . Drone Recoveries . | . . . . . . Exploration | -11 -10 -9 -8 -7 -7 ------------- Run | Yrd Mat Mat Mat Fac Was Turns Passed 2072 | 55 68 969 585 281 114 Spaces Moved 1376 | 45 66 564 354 260 87 Core 20 | 14 . . 6 . . Treads 130 | . . 80 50 . . Legs 694 | . . 396 298 . . Wheels 384 | 31 66 88 . 112 87 Hover 148 | . . . . 148 . Flight . | . . . . . . Fastest Speed 50 | 50 90 80 100 60 100 Average Speed 110 | 77 90 122 126 77 100 Slowest Speed 200 | 90 90 190 200 100 100 Overloaded Moves . | . . . . . . Propulsion Burnouts . | . . . . . . Robots Hopped . | . . . . . . Cave-ins Triggered . | . . . . . . Exploration Rate (%) 29 | 3 23 39 37 11 65 Regions Visited 5 Branch Regions . Pre-discovered Areas . | . . . . . . Known Exits Taken . | . . . . . . Unknown Exits Taken 4 | 1 1 1 1 . . Scrap Searched . | . . . . . . Spaces Dug 1 | . . . 1 . . Terrain Destroyed 32 | . . . 5 27 . Melee 1 | . . . 1 . . Projectile . | . . . . . . AOE 31 | . . . 4 27 . Terrain Rammed . | . . . . . . Walls Destroyed . | . . . . . . Machines Disabled . | . . . . . . Actions | -11 -10 -9 -8 -7 -7 --------- Run | Yrd Mat Mat Mat Fac Was Total 1717 | 64 68 702 435 334 114 Wait 52 | 1 . 5 13 33 . Move 1372 | 44 65 563 353 260 87 Hop . | . . . . . . Pick Up 50 | 12 . 21 8 9 . Fast Attach 17 | . . 6 6 5 . Attach 37 | 6 . 14 4 11 2 Detach 5 | . . . . 5 . Swap 15 | 1 . 7 7 . . Drop 23 | . . 10 7 6 . Fire 105 | . 3 75 22 5 . Melee 15 | . . . 15 . . Ram 25 | . . . . . 25 Kick 1 | . . 1 . . . Crush . | . . . . . . Escape Stasis . | . . . . . . Rewire . | . . . . . . Trap . | . . . . . . Miscellaneous . | . . . . . . Route ------- -11/Scrapyard -10/Materials -9/Materials -8/Materials -7/Factory -7/Waste (discovered 1 exit: [*Fac]) History --------- Turn | Location | Event 18 | -11/Scrapyard | Discovered new exit (range 16) 56 | -11/Scrapyard | Entered Materials 102 | -10/Materials | Discovered new exit (range 13) 124 | -10/Materials | Entered another Materials area 124 | -9/Materials | Evolved 2 slots: Propulsion x1, Utility x1 320 | -9/Materials | Build established: Mutant 514 | -9/Materials | Core integrity fell below 50% 555 | -9/Materials | Lost 4 parts (1p1n2w) 925 | -9/Materials | Build established: Scavenger-Mutant 975 | -9/Materials | Lost 4 parts (1n2u1w) 1080 | -9/Materials | Discovered new exit (range 8) 1093 | -9/Materials | Entered another Materials area 1093 | -8/Materials | Evolved 2 slots: Power x1, Propulsion x1 1534 | -8/Materials | Lost 4 parts (1p1n1u1w) 1652 | -8/Materials | Discovered new exit (range 13) 1678 | -8/Materials | Entered Factory 1678 | -7/Factory | Evolved 2 slots: Utility x1, Weapon x1 1705 | -7/Factory | Lost 6 parts (3n2u1w) 1764 | -7/Factory | Build established: Mutant 1959 | -7/Factory | Sucked down chute 1959 | -7/Factory | Entered Waste 1974 | -7/Waste | EMP discharged 1974 | -7/Waste | System corruption reached 10% 1974 | -7/Waste | Spotted C-40 Crusher 1976 | -7/Waste | Spotted C-40 Crusher 1986 | -7/Waste | Crushed by Compactor (0 parts destroyed, 1 dropped) 1998 | -7/Waste | Spotted C-40 Crusher 2011 | -7/Waste | Spotted C-40 Crusher 2028 | -7/Waste | Crushed by Compactor (1 part destroyed, 1 dropped) 2030 | -7/Waste | Spotted C-40 Crusher 2031 | -7/Waste | Spotted C-40 Crusher 2040 | -7/Waste | Crushed by Compactor (1 part destroyed, 1 dropped) 2043 | -7/Waste | Crushed by Compactor (0 parts destroyed, 1 dropped) 2043 | -7/Waste | Discovered new exit (range 16) 2052 | -7/Waste | Crushed by Compactor (1 part destroyed) 2057 | -7/Waste | Crushed by Compactor (1 part destroyed) 2058 | -7/Waste | Crushed by Compactor (1 part destroyed) 2065 | -7/Waste | Core integrity fell below 50% 2071 | -7/Waste | Core integrity fell below 20% 2073 | -7/Waste | Destroyed by C-40 Crusher with Compactor Last Messages --------------- 02053_ Slammed into C-40 Crusher. 02055_ Critical hit (Destroy). 02055_ Arm. Huge Wheel destroyed. 02057_ Imp. Hover Unit crushed. 02057_ Slammed into C-40 Crusher. 02058_ Imp. Airjet crushed. 02058_ Slammed into C-40 Crusher. 02058_ Destabilizing: System corrupted (+1). 02059_ Slammed into C-40 Crusher. 02059_ Arm. Huge Wheel broken. 02059_ Destabilizing: Short circuit. 02060_ Slammed into C-40 Crusher. 02063_ Critical hit (Destroy). 02063_ Broken Arm. Huge Wheel destroyed. 02063_ Slammed into C-40 Crusher. 02064_ ALERT: Foreign system detected. Charging EMP. 02064_ Slammed into C-40 Crusher. 02068_ Destabilizing: Core damaged (-7). 02069_ Slammed into C-40 Crusher. Map ----- +----------------------------------------------------+ | ?????????????????????????????????????????????????? | | ???????????????####??????????????????????????????? | | ??????????????? #?????????????????????????????? | | ??????????????? #?????????????????????????????? | | ????? ????????# #?????????????????????????????? | | ??? ???????# #?????????????????????????????? | | ??# ???????# #?????????????????????????????? | | ??# ???????# #?????????????????????????????? | | ??# ???????# #?????????????????????????????? | | ??# ???????# #?????????????????????????????? | | ??# ???????# #?????????????????????????????? | | ??# ! ???????# #?????????????????????????????? | | ??# #??????# #?????????????????????????????? | | ??# #??????# #?????????????????????????????? | | ??# = #??????# #?????????????????????????????? | | ??# ######## #?????????????????????????????? | | ??# #???????????? #???????????????? | | ??# #??????????? #???????????????? | | ??# #?????????? ????????????????? | | ??# #?????????? ?????????????????? | | ??# ######## #????????? #?????????????????? | | ??# #??????# ]#???????? #?????????????????? | | ??# #??????# #???????? #?????????????????? | | ??# #??????# #??????? #?????????????????? | | ### ######## ######## #### ??????????? | | CCCC!@CC ????????? | | CCCCCCCC ????????? | | CCCCCC